 Dungeon Crawl Stone Soup version 0.22.1-1-ga44c0e5 (webtiles) character file.

1465 MalarOregon the Cruncher (level 8, -3/106 HPs)
             Began as a Minotaur Gladiator on Sept 30, 2018.
             Was a Follower of Yredelemnul.
             Slain by Prince Ribbit (12 damage)
             ... on level 6 of the Dungeon on Oct 4, 2018.
             The game lasted 00:16:17 (5797 turns).

MalarOregon the Cruncher (Minotaur Gladiator)       Turns: 5797, Time: 00:16:18

Health: -3/106     AC: 12    Str: 27    XL:     8   Next: 48%
Magic:  7/7        EV:  9    Int:  5    God:    Yredelemnul [*.....]
Gold:   309        SH:  2    Dex: 11    Spells: 7/7 levels left

rFire    . . .     SeeInvis .   a - +0 quarterstaff
rCold    . . .     Gourm    .   (shield currently unavailable)
rNeg     . . .     Faith    .   i - +0 plate armour
rPois    .         Spirit   .   t - +1 hat
rElec    .         Reflect  +   w - +0 cloak
rCorr    .         Harm     .   (no gloves)
MR       .....                  (no boots)
Stlth    ..........             k - +2 amulet of reflection
HPRegen  0.27/turn              (no ring)
MPRegen  0.10/turn              (no ring)

@: berserking, very quick
A: retaliatory headbutt, horns 2
a: Animate Remains, Renounce Religion


You were on level 6 of the Dungeon.
You worshipped Yredelemnul.
Yredelemnul was aware of your devotion.
You were hungry.

You visited 2 branches of the dungeon, and saw 7 of its levels.

You collected 309 gold pieces.

Inventory:

Hand Weapons
 a - a +0 quarterstaff (weapon)
Missiles
 d - 4 throwing nets (quivered) {!f}
Armour
 i - a +0 plate armour (worn)
   (You found it on level 1 of the Dungeon)
 t - a +1 hat (worn)
   (You found it on level 6 of the Dungeon)
 w - a +0 cloak (worn)
   (You found it on level 4 of the Dungeon)
Jewellery
 k - a +2 amulet of reflection (around neck)
   (You found it on level 1 of the Dungeon)
Scrolls
 c - a scroll of identify {@r1}
 g - 2 scrolls of remove curse {@r2}
 h - 2 scrolls of fear {unknown}
 m - a scroll of blinking {unknown}
 n - 4 scrolls of teleportation {@r4}
 p - a scroll of magic mapping
 q - a scroll of enchant armour
Potions
 b - a potion of might
 f - 5 potions of curing {@q1}
 j - a potion of lignification {unknown}
 o - 2 potions of haste {unknown}
 r - a potion of ambrosia {unknown}
 s - a potion of degeneration {unknown}
 u - a potion of flight {unknown}
 v - a potion of mutation {unknown}
 z - 2 potions of agility
Comestibles
 e - 13 rations {!d}
 x - 6 chunks of flesh


   Skills:
 + Level 6.7 Fighting
 * Level 9.7 Staves
 - Level 2.0 Throwing
 + Level 6.6 Dodging


You had 7 spell levels left.
You didn't know any spells.
Your spell library was empty.

Dungeon Overview and Level Annotations

Branches:
Dungeon (6/15)             Temple (1/1) D:4

Altars:
Ashenzari
Cheibriados
Dithmenos
Elyvilon
Fedhas
Gozag
Hepliaklqana
Kikubaaqudgha
Makhleb
Nemelex Xobeh
Okawaru
Qazlal
Ru
Sif Muna
Trog
Uskayaw
Vehumet
Wu Jian
Xom
Yredelemnul
Zin
The Shining One

Annotations:
D:6 Prince Ribbit


Innate Abilities, Weirdness & Mutations

You reflexively headbutt those who attack you in melee.
You have a pair of horns on your head.


Message History

You closely miss Prince Ribbit.
Prince Ribbit hits you but does no damage.
You miss Prince Ribbit. Your headbutt misses Prince Ribbit.
Prince Ribbit blinks!
Unknown command.
Prince Ribbit croaks regally.
Items here: ( ))) [ ÷ Prince Ribbit blinks!
Items here: )) [[ ÷ a long sword of slicing; a chain mail; a dagger; a robe; an orc skeleton Prince Ribbit blinks!
Items here: )) [[ ÷ a long sword of slicing; a chain mail; a dagger; a robe; an orc skeleton Prince Ribbit is nearby!
Prince Ribbit blinks!
You are feeling hungry.
Prince Ribbit blinks!
Items here: )) [[ ÷ a long sword of slicing; a chain mail; a dagger; a robe; an orc skeleton
Items here: ( ))) [ ÷ Prince Ribbit hops awkwardly around.
Prince Ribbit hits you but does no damage.
You hit Prince Ribbit. Your headbutt misses Prince Ribbit.
Prince Ribbit hits you!
* * * LOW HITPOINT WARNING * * *
You hit Prince Ribbit.
Prince Ribbit hits you but does no damage.
You barely miss Prince Ribbit.
Prince Ribbit hits you but does no damage.
Your plate armour prevents you from hitting Prince Ribbit.
Prince Ribbit hits you.
* * * LOW HITPOINT WARNING * * *
Prince Ribbit catches a small bird with his tongue.
Prince Ribbit closely misses you.
Items here: ( ))) [ ÷
Items here: )) [[ ÷ a long sword of slicing; a chain mail; a dagger; a robe; an orc skeleton Prince Ribbit hits you!
* * * LOW HITPOINT WARNING * * *
Prince Ribbit hits you!
* * * LOW HITPOINT WARNING * * *
You block Prince Ribbit's attack.
You see here a stone.
Prince Ribbit lets out a mournful croak.
A red film seems to cover your vision as you go berserk!
You feel yourself moving faster!
You feel mighty! Prince Ribbit hits you.
* * * LOW HITPOINT WARNING * * *
Prince Ribbit hits you!
You die...
Your body rises from the dead as a mindless zombie.

#.#........# # #. #.#........#
# ###. #..........# ....##
#######........# ##.... #...#
#####.#### ...... #...#
##.####### ...... #...#
#........#
......#######...######........#
........)).....F@............(#
......#######...######........#
...... #...# #.....)..# ..####
##### #........# . #........#
#........# ##########


You could see Prince Ribbit.

Vanquished Creatures
  Eustachio (D:4)
  Duvessa (D:6)
  A phantom (D:5)
  An orc warrior (D:6)
  An ice beast (D:5)
  2 ogres
  A bullfrog (D:6)
  A gnoll sergeant (D:5)
  Dowan (D:6)
  A scorpion (D:6)
  A crimson imp (D:6)
  A hound (D:5)
  An orc wizard (D:6)
  An orc priest (D:3)
  2 bullfrog skeletons (D:6)
  2 iguanas
  A worker ant (D:6)
  A hound skeleton (D:6)
  12 gnolls
  A howler monkey skeleton (D:6)
  8 adders
  A shadow imp (D:6)
  An ooze (D:1)
  An adder skeleton (D:5)
  2 worms
  A dart slug (D:4)
  3 leopard geckos
  9 orcs
  A ball python (D:4)
  5 giant cockroaches
  7 goblins
  9 hobgoblins
  8 kobolds
  4 quokkas
  6 bats
  5 frilled lizards
  A leopard gecko zombie (D:6)
  A quokka zombie (D:5)
  7 rats
114 creatures vanquished.

Notes
Turn   | Place    | Note
-------+----------+-------------------------------------------
     0 | D:1      | MalarOregon the Minotaur Gladiator began the quest for the
                  | Orb.
     0 | D:1      | Reached XP level 1. HP: 18/18 MP: 0/0
   210 | D:1      | Reached skill level 4 in Staves
   210 | D:1      | Reached XP level 2. HP: 25/25 MP: 1/1
   438 | D:1      | Reached XP level 3. HP: 28/31 MP: 2/2
   509 | D:1      | Found a glowing golden altar of the Shining One.
   915 | D:2      | Reached XP level 4. HP: 31/38 MP: 3/3
  1000 | D:2      | Reached skill level 5 in Staves
  1519 | D:3      | Found a snail-covered altar of Cheibriados.
  1536 | D:3      | Reached XP level 5. HP: 20/46 MP: 4/4
  1818 | D:3      | Found a blossoming altar of Fedhas.
  2041 | D:4      | Noticed Eustachio
  2056 | D:4      | Killed Eustachio
  2056 | D:4      | Reached skill level 6 in Staves
  2056 | D:4      | Reached XP level 6. HP: 28/52 MP: 5/5
  2636 | D:4      | Found a staircase to the Ecumenical Temple.
  2654 | Temple   | Entered the Ecumenical Temple
  2800 | Temple   | Became a worshipper of Yredelemnul the Dark
  3577 | D:5      | Entered Level 5 of the Dungeon
  3579 | D:5      | Noticed an ice beast
  3659 | D:5      | Reached skill level 5 in Dodging
  3801 | D:5      | Killed an ice beast
  3801 | D:5      | Reached skill level 7 in Staves
  4025 | D:5      | Reached skill level 5 in Fighting
  4025 | D:5      | Reached XP level 7. HP: 59/61 MP: 6/6
  4363 | D:5      | Reached skill level 8 in Staves
  4964 | D:6      | Noticed Duvessa
  4964 | D:6      | Noticed Dowan
  5000 | D:6      | Killed Duvessa
  5000 | D:6      | Reached XP level 8. HP: 67/70 MP: 7/7
  5010 | D:6      | Killed Dowan
  5010 | D:6      | Reached skill level 9 in Staves
  5230 | D:6      | Noticed Prince Ribbit
  5265 | D:6      | Reached * piety under Yredelemnul
  5797 | D:6      | Slain by Prince Ribbit

Skill      XL: |  1  2  3  4  5  6  7  8 |
---------------+-------------------------+-----
Staves         | 4 5 6 7 8 9 |  9.7
Fighting       | 3 4 5 6 |  6.7
Dodging        | 4 5 6 |  6.6
Throwing       | |  2.0

Action                   |  1- 3 |  4- 6 |  7- 9 || total
-------------------------+-------+-------+-------++-------
Melee: Quarterstaff      |    68 |   127 |   154 ||   349
       Headbutt          |     9 |    24 |    24 ||    57
Throw: Tomahawk          |     1 |     6 |       ||     7
  Use: Scroll            |       |    11 |     2 ||    13
       Potion            |       |     1 |     1 ||     2
  Eat: Chunk             |       |    10 |     5 ||    15
Armor: Leather armour    |     2 |       |       ||     2
       Plate armour      |    37 |    61 |    63 ||   161
Dodge: Dodged            |    14 |    47 |    49 ||   110
Block: Other             |       |       |    15 ||    15
